 Dungeon Crawl Stone Soup version 0.22.0-75-g3901e7991e (webtiles) character file.

4788 Kniotic the Grappler (level 10, -4/81 HPs)
             Began as a Purple Draconian Transmuter on Sept 11, 2018.
             Was a Believer of Cheibriados.
             Slain by an unseen horror (10 damage)
             ... on level 10 of the Dungeon.
             The game lasted 00:23:29 (9026 turns).

Kniotic the Grappler (Purple Draconian Transmuter)  Turns: 9026, Time: 00:23:30

Health: -4/81      AC: 11    Str: 20    XL:     10   Next: 24%
Magic:  11/18      EV: 12    Int: 19    God:    Cheibriados [**....]
Gold:   140        SH:  0    Dex: 17    Spells: 12/20 levels left

rFire    . . .     SeeInvis .     - Unarmed
rCold    . . .     Gourm    .   (shield currently unavailable)
rNeg     . . .     Faith    .   (armour unavailable)
rPois    .         Spirit   .   (helmet restricted)
rElec    .         Reflect  .   w - +0 cloak
rCorr    .         Harm     .   (gloves currently unavailable)
MR       +....                  (no boots)
Stlth    ++........             f - amulet of regeneration
HPRegen  0.63/turn              i - +2 ring of protection
MPRegen  0.16/turn              p - +1 ring of protection

@: blade hands, drained, very slow
A: breathe power, unfitting armour, cold-blooded, AC +7
a: Breathe Dispelling Energy, End Transformation, Bend Time, Renounce Religion


You were on level 10 of the Dungeon.
You worshipped Cheibriados.
Cheibriados was pleased with you.
You were hungry.
You had blades for hands.
You visited 2 branches of the dungeon, and saw 11 of its levels.

You collected 562 gold pieces.
You spent 422 gold pieces at shops.

Inventory:

Missiles
 a - 133 arrows
Armour
 w - a +0 cloak (worn)
Jewellery
 f - an amulet of regeneration (around neck)
 i - a +2 ring of protection (left scythe-like blade)
 p - a +1 ring of protection (right scythe-like blade)
 t - a +2 amulet of reflection
 G - a +3 ring of strength
Wands
 q - a wand of digging (13)
 x - a wand of polymorph (13)
 I - a wand of flame (23)
Scrolls
 g - 3 scrolls of remove curse
 l - 3 scrolls of enchant armour
 m - 3 scrolls of identify
 n - 2 scrolls of amnesia {unknown}
 o - 4 scrolls of teleportation {unknown}
 r - 2 scrolls of fog {unknown}
 u - a scroll of blinking {unknown}
 B - 4 scrolls of enchant weapon
 H - 4 scrolls of magic mapping
 K - a scroll of silence {unknown}
Potions
 b - a potion of haste
 d - 3 potions of flight {unknown}
 e - a potion of magic {unknown}
 h - 2 potions of berserk rage
 j - 3 potions of ambrosia
 k - 3 potions of curing
 s - 4 potions of heal wounds {unknown}
 v - 2 potions of agility
 z - 3 potions of lignification {unknown}
 A - a potion of resistance
 C - a potion of cancellation {unknown}
 E - a potion of mutation {unknown}
 F - 3 potions of brilliance {unknown}
 J - a potion of might {unknown}
Comestibles
 c - 20 rations


   Skills:
 + Level 5.0(4.7) Fighting
 - Level 1.7(1.4) Dodging
 - Level 10.0(9.6) Unarmed Combat
 + Level 5.5(5.2) Spellcasting
 - Level 10.0(9.6) Transmutations


You had 12 spell levels left.
You knew the following spells:

 Your Spells              Type           Power        Failure   Level  Hunger
a - Beastly Appendage     Tmut           #####.       10%         1    None
b - Sticks to Snakes      Tmut           #####...     11%         2    #......
c - Blade Hands           Tmut           #####.....   38%         5    ######.

Your spell library contained the following spells:

 Spells                   Type           Power        Failure   Level  Hunger
 Spider Form              Tmut/Pois      ###.......   32%         3    ##.....
 Ice Form                 Ice/Tmut       ###.....     58%         4    ####...


Dungeon Overview and Level Annotations

Branches:
Dungeon (10/15)            Temple (1/1) D:6
   Lair: D:8-11         Orc: D:9-12

Altars:
Ashenzari
Cheibriados
Dithmenos
Fedhas
Hepliaklqana
Kikubaaqudgha
Makhleb
Nemelex Xobeh
Okawaru
Ru
Sif Muna
Trog
Uskayaw
Vehumet
Wu Jian
Xom
Yredelemnul
The Shining One

Shops:
D:7 *   D:8 =*!?[

Annotations:
D:3 2 transporters


Innate Abilities, Weirdness & Mutations

You can breathe bolts of dispelling energy.
Your rich purple scales are hard. (AC +7)
You cannot fit into any form of body armour.
You are cold-blooded and may be slowed by cold attacks.


Message History

You slice the skeletal warrior!!
The skeletal warrior is severely damaged.
Your adder closely misses the skeletal warrior.
Your adder misses the wight.
Your adder bites the wight but does no damage.
Something hits you!
* * * LOW HITPOINT WARNING * * *
Deactivating autopickup; reactivate with Ctrl-A.
You barely miss the skeletal warrior. You tail-slap the skeletal warrior.
The skeletal warrior is severely damaged.
Something completely misses you. The wight hits you but does no damage.
The skeletal warrior hits you with a mace!
* * * LOW HITPOINT WARNING * * *
Your adder bites the skeletal warrior but does no damage.
Something hits your adder!
Your adder misses the wight.
Your adder closely misses the wight.
You barely miss the skeletal warrior.
The skeletal warrior is severely damaged.
Something hits you!
You die...

#.#............#
.....#####.....#
... ...###...#
....#...#
...##..#
#...#..# ##.
#...#..#
#..=.#.zS#..#
.....S.@S#..#
....#.z#....# .
#..#....#
....#....#
....##...##
...### ....# ...
.....# ##
......# ###...#


You could see a skeletal warrior, a wight and 3 friendly adders.

Vanquished Creatures
  Erica (D:9)
  A centaur zombie (D:10)
  A troll (D:8)
  A hippogriff (D:9)
  2 wyverns
  A spriggan (D:7)
  Purgy (D:3)
  An orc warrior (D:5)
  3 sky beasts
  An eye of draining (D:8)
  An ice beast (D:9)
  An ogre (D:8)
  2 phantoms
  2 centaurs (D:6)
  5 bullfrogs
  A scorpion (D:9)
  2 wights (D:10)
  3 crimson imps
  2 bullfrog zombies
  4 hounds
  6 bullfrog skeletons
  4 orc wizards
  2 jellies (D:6)
  An orc priest (D:5)
  An iguana (D:8)
  Ijyb (D:5)
  5 worker ants
  A hound zombie (D:5)
  A howler monkey zombie (D:8)
  A worker ant zombie (D:5)
  11 adders
  A shadow imp (D:8)
  2 oozes (D:1)
  An adder zombie (D:5)
  3 adder skeletons
  2 worms (D:4)
  8 dart slugs
  3 leopard geckos
  14 orcs
  3 ball pythons
  6 giant cockroaches
  7 goblins
  6 hobgoblins
  8 jackals
  6 kobolds
  4 quokkas
  7 bats
  5 frilled lizards
  A jackal zombie (D:6)
  5 rats
162 creatures vanquished.

Vanquished Creatures (collateral kills)
  A yak (D:9)
  2 sky beasts
  2 orc warriors
  2 ogres
  A centaur (D:8)
  An iguana (D:6)
  An orc (D:7)
10 creatures vanquished.

Vanquished Creatures (others)
  A plant (D:10)
1 creature vanquished.

Grand Total: 173 creatures vanquished

Notes
Turn   | Place    | Note
-------+----------+-------------------------------------------
     0 | D:1      | Kniotic the Draconian Transmuter began the quest for the
                  | Orb.
     0 | D:1      | Reached XP level 1. HP: 16/16 MP: 3/3
    98 | D:1      | Reached XP level 2. HP: 21/23 MP: 5/5
   445 | D:1      | Reached XP level 3. HP: 21/28 MP: 6/6
  1546 | D:2      | You fall through a shaft for 2 floors!
  1823 | D:2      | Reached XP level 4. HP: 24/35 MP: 7/7
  1930 | D:2      | Found an iron altar of Okawaru.
  2276 | D:3      | Found a transporter.
  2618 | D:3      | Found an ancient bone altar of Kikubaaqudgha.
  2908 | D:3      | Noticed a two-headed ogre
  2911 | D:3      | Found a transporter.
  2911 | D:3      | Noticed an orc warrior
  3019 | D:3      | Found a shimmering altar of Xom.
  3035 | D:3      | Found a glowing golden altar of the Shining One.
  3208 | D:4      | Noticed Purgy
  3482 | D:2      | Learned a level 2 spell: Sticks to Snakes
  3593 | D:3      | Killed Purgy
  3593 | D:3      | Reached XP level 5. HP: 12/40 MP: 3/8
  3732 | D:4      | Noticed an ogre
  3757 | D:4      | Killed an ogre
  3757 | D:4      | Reached skill level 5 in Unarmed Combat
  3793 | D:4      | Noticed a phantom
  3830 | D:3      | Killed a phantom
  3830 | D:3      | Reached XP level 6. HP: 40/47 MP: 4/9
  4066 | D:4      | Reached skill level 5 in Transmutations
  4207 | D:5      | Entered Level 5 of the Dungeon
  4277 | D:5      | Noticed Ijyb
  4330 | D:5      | Killed Ijyb
  4389 | D:5      | Noticed a sky beast
  4456 | D:5      | Noticed a sky beast
  4475 | D:5      | Killed a sky beast
  4475 | D:5      | Your scales start taking on a rich purple colour.
  4475 | D:5      | Reached XP level 7. HP: 32/52 MP: 7/10
  5505 | D:5      | Reached XP level 8. HP: 54/59 MP: 8/11
  5616 | D:6      | Found a bloodstained altar of Trog.
  5766 | D:6      | Found a staircase to the Ecumenical Temple.
  5810 | D:6      | Found a sacrificial altar of Ru.
  5816 | Temple   | Entered the Ecumenical Temple
  5847 | Temple   | Became a worshipper of Cheibriados the Contemplative
  6562 | D:7      | Reached * piety under Cheibriados
  6653 | D:7      | Reached XP level 9. HP: 38/64 MP: 12/12
  6726 | D:7      | Found a basalt altar of Yredelemnul.
  6821 | D:7      | Found Cuymm's General Store.
  6825 | D:7      | Bought a scroll of magic mapping for 42 gold pieces
  6825 | D:7      | Bought a scroll of magic mapping for 42 gold pieces
  7061 | D:8      | Found Weireim's General Store.
  7069 | D:8      | Bought a scroll of enchant weapon for 97 gold pieces
  7069 | D:8      | Bought a scroll of enchant armour for 97 gold pieces
  7069 | D:8      | Bought a potion of ambrosia for 104 gold pieces
  7116 | D:8      | Found a hazy altar of Hepliaklqana.
  7117 | D:8      | Noticed a troll
  7129 | D:8      | Killed a troll
  7241 | D:8      | Reached skill level 10 in Unarmed Combat
  7331 | D:8      | Found Atwidghu's Jewellery Shop.
  7538 | D:8      | Reached ** piety under Cheibriados
  7545 | D:8      | Learned a level 5 spell: Blade Hands
  7880 | D:8      | Found Riegug's Distillery.
  7910 | D:8      | Found Cucrok's Magic Scroll Boutique.
  7913 | D:8      | Bought a scroll of identify for 20 gold pieces
  7913 | D:8      | Bought a scroll of identify for 20 gold pieces
  7998 | D:8      | Found Oliuschil's Armour Shoppe.
  8175 | D:9      | Noticed Erica
  8453 | D:9      | Found a radiant altar of Vehumet.
  8574 | D:9      | Reached skill level 10 in Transmutations
  8823 | D:9      | Killed Erica
  8823 | D:9      | Reached XP level 10. HP: 55/79 MP: 6/17
  8921 | D:10     | Entered Level 10 of the Dungeon
  8943 | D:10     | Reached skill level 5 in Spellcasting
  9003 | D:10     | Reached skill level 5 in Fighting
  9016 | D:10     | Noticed a skeletal warrior
  9026 | D:10     | Slain by an unseen horror

Skill      XL: |  1  2  3  4  5  6  7  8  9 10 |
---------------+-------------------------------+-----
Transmutations | 3 4 5 6 8 10 | 10.0
Unarmed Combat | 4 5 6 7 9 10 | 10.0
Fighting       | 4 5 |  5.0
Spellcasting   | 4 5 |  5.5
Dodging        | |  1.7

Action                   |  1- 3 |  4- 6 |  7- 9 | 10-12 || total
-------------------------+-------+-------+-------+-------++-------
Melee: Unarmed           |   141 |   219 |   418 |    26 ||   804
       Tailslap          |     8 |    25 |    56 |     6 ||    95
       Punch             |     5 |     2 |    18 |       ||    25
       Headbutt          |     1 |     2 |     2 |       ||     5
       Kick              |       |     3 |    12 |       ||    15
 Cast: Beastly Appendage |     1 |     3 |     4 |       ||     8
       Sticks to Snakes  |       |    13 |    29 |     1 ||    43
       Blade Hands       |       |       |     2 |     2 ||     4
  Use: Scroll            |     1 |     3 |     3 |       ||     7
       Potion            |     1 |       |       |       ||     1
 Stab: Sleeping          |     3 |     1 |     2 |       ||     6
       Distracted        |       |     1 |     3 |       ||     4
  Eat: Chunk             |     2 |    10 |    10 |     1 ||    23
       Ration            |       |       |     1 |       ||     1
Armor: Skin              |    51 |    96 |   150 |     5 ||   302
Dodge: Dodged            |    82 |   157 |   211 |    11 ||   461
